 Dungeon Crawl Stone Soup version 0.17-a0-1842-gacc33f2 (webtiles) character file.

156 Ijustatesigmund the Sneak (level 5, -9/30 HPs)
             Began as a Kobold Assassin on Sept 17, 2015.
             Killed from afar by bear's ghost (10 damage)
             ... with a spray of energy
             ... on level 3 of the Dungeon.
             The game lasted 00:08:15 (2761 turns).

Ijustatesigmund the Sneak (Kobold Assassin)         Turns: 2761, Time: 00:08:15

Health: -9/30      AC:  3    Str:  9    XL:     5   Next: 65%
Magic:  5/5        EV: 14    Int:  9    God:
Gold:   203        SH:  0    Dex: 19    Spells: 0 memorised, 4 levels left

rFire  . . .     SeeInvis .     a - +2 dagger
rCold  . . .     Clarity  .     c - +0 robe
rNeg   . . .     SustAt   .     (shield restricted)
rPois  .         Gourm    .     (no helmet)
rElec  .         Spirit   .     d - +0 cloak
rCorr  .         Warding  .     (no gloves)
rMut   .         Stasis   .     (no boots)
MR     .....                    (no amulet)
Stlth  ++++......               (no ring)
                                (no ring)

@: not resistant to hostile enchantments, stealthy
A: carnivore 3
a: no special abilities


You were on level 3 of the Dungeon.
You were very full.

You visited 1 branch of the dungeon, and saw 3 of its levels.

You collected 203 gold pieces.

Inventory:

Hand weapons
 a - a +2 dagger (weapon)
 b - a +0 blowgun
Missiles
 e - 33 poisoned needles
 i - 5 tomahawks (quivered)
 l - 2 curare-tipped needles
 n - a throwing net
Armour
 c - a +0 robe (worn)
 d - a +0 cloak (worn)
Jewellery
 p - an uncursed amulet of stasis
Scrolls
 h - 2 scrolls of identify
 j - 3 scrolls of remove curse
Comestibles
 g - a meat ration
 o - a beef jerky


   Skills:
 - Level 2.1 Fighting
 + Level 5.3 Short Blades
 + Level 3.8 Throwing
 - Level 1.2 Dodging
 + Level 6.8 Stealth


You had 4 spell levels left.
You didn't know any spells.

Dungeon Overview and Level Annotations

Branches:
Dungeon (3/15)

Altars:
Sif Muna
Trog

Annotations:
D:3 bear's ghost, average DECj


Innate Abilities, Weirdness & Mutations

You are small and have problems with some larger weapons.
You are carnivorous and can eat meat at any time.


Message History

You feel less confused.
Bear's ghost hits you but does no damage.
You hit bear's ghost.
Bear's ghost is heavily damaged.
Bear's ghost misses you.
You hit bear's ghost.
Bear's ghost is heavily damaged.
Bear's ghost gestures at you while chanting.
The spray of energy hits you!
* * * LOW HITPOINT WARNING * * *
You hit bear's ghost.
Bear's ghost is severely damaged.
You hit bear's ghost.
Bear's ghost is severely damaged.
Bear's ghost barely misses you.
You hit bear's ghost.
Bear's ghost is almost destroyed.
Bear's ghost gestures at you while chanting.
The spray of energy hits you!
You die...

### #..#####....##
..# ##.....†......
..... #.#
##..#####....##
K.... #.###.#.#
#..# .... ####
#.#.##.# ##
...#...# #......#
####'##...#
##.#####
...#.##...#### #W#
##.#.........# #@#
.............# #.#
##...........# #.#
#...........# #.#
#(.......##.# #.#
...#.#..).##.###.#
####.#.#.[.......#
#.#.#####.#####
#.#.# #.#


You could see bear's ghost.

Vanquished Creatures
  A hound (D:1)
  An orc wizard (D:3)
  3 gnolls (D:2)
  An ooze (D:2)
  3 worms (D:2)
  3 orcs
  A giant cockroach (D:1)
  5 goblins
  5 hobgoblins
  8 jackals
  6 kobolds
  2 ball pythons (D:1)
  5 bats
  A giant gecko (D:2)
  3 giant newts (D:1)
  3 quokkas
  14 rats
65 creatures vanquished.

Notes
Turn   | Place    | Note
--------------------------------------------------------------
     0 | D:1      | Ijustatesigmund the Kobold Assassin began the quest for the Orb.
     0 | D:1      | Reached XP level 1. HP: 12/12 MP: 1/1
   140 | D:1      | Reached XP level 2. HP: 17/17 MP: 2/2
   621 | D:1      | Reached XP level 3. HP: 21/21 MP: 3/3
  1004 | D:1      | Reached skill level 6 in Stealth
  1004 | D:1      | Reached XP level 4. HP: 11/26 MP: 4/4
  1357 | D:2      | Found a bloodstained altar of Trog.
  1543 | D:2      | Reached XP level 5. HP: 26/30 MP: 5/5
  1573 | D:2      | Found a deep blue altar of Sif Muna.
  1792 | D:2      | Reached skill level 5 in Short Blades
  2722 | D:3      | Noticed bear's ghost (average DECj)
  2758 | D:3      | HP: 1/30 [bear's ghost/spray of energy (5)]
  2761 | D:3      | Killed from afar by bear's ghost

Vault maps used:
D:1:      saegor_arrival_simple_f, minmay_misc_feat_iff, minmay_misc_feat_doors,
          minmay_rat_gold_closets
D:2:      led_sif_pool, bloody_trog
D:3:      lemuel_doored_altar

Action                   |  1- 3 |  4- 6 || total
-------------------------+-------+-------++-------
Melee: Dagger            |    56 |   148 ||   204
 Fire: Blowgun           |       |    11 ||    11
  Use: Scroll            |     3 |     3 ||     6
       Potion            |       |     6 ||     6
 Stab: Sleeping          |    15 |     8 ||    23
       Distracted        |       |     2 ||     2
       Invisible         |       |     1 ||     1
  Eat: Chunk             |     6 |     6 ||    12
